NYP
TRI-CITY DUST DEVILS @ SALEM-KEIZER VOLCANOES
06/06/2044
 
TOP OF THE 1ST
Tri-City Dust Devils batting - Pitching for Salem-Keizer Volcanoes : LHP Caleb Mullinax
Pitching: LHP Caleb Mullinax
Batting: RHB Ruben Luis 0-0: Called Strike
0-1: Foul Ball, location: 2F
0-2: Foul Ball, location: 2F
0-2: Ball
1-2: Strikes out swinging
Batting: SHB Ryan Brown 0-0: Swinging Strike
0-1: Ball
1-1: Ball
2-1: Ground out 4-3 (Groundball, 4M, EV 102.5 MPH)
Batting: RHB Hector Fernandez 0-0: Ball
1-0: Called Strike
1-1: Ball
2-1: Swinging Strike
2-2: Ball
3-2: Foul Ball, location: 2F
3-2: Strikes out swinging
Top of the 1st over - 0 runs, 0 hits, 0 errors, 0 left on base; Tri-City 0 - Salem-Keizer 0
BOTTOM OF THE 1ST
Salem-Keizer Volcanoes batting - Pitching for Tri-City Dust Devils : RHP Jorge Guerrero
Pitching: RHP Jorge Guerrero
Batting: RHB Bill Defazio 0-0: Ball
1-0: DOUBLE (Groundball, 5L, EV 110.6 MPH)
Batting: RHB Lucan Esini 0-0: Called Strike
0-1: Ground out 5-3 (Groundball, 56, EV 105.6 MPH)
Batting: LHB Pat Aviles 0-0: Foul Ball, location: 2F
0-1: Ball
1-1: Fly out, F7 (Flyball, 78D, EV 101.9 MPH)
Runner from 2nd tags up, SAFE at 3rd with throw by LF
Batting: RHB Davey Beeson 0-0: Foul Ball, location: 2F
0-1: Ball
1-1: DOUBLE (Flyball, 8RXD, EV 95.0 MPH)
Bill Defazio scores
Batting: LHB Gil Caraveo 0-0: Foul Ball, location: 2F
0-1: SINGLE (Groundball, 4MD, EV 96.3 MPH)
Davey Beeson to third
Runner from 3rd tries for Home, SAFE, throw by CF to home
Batting: RHB Justin Baldwin 0-0: Ball
1-0: Called Strike
Gil Caraveo steals 2nd base (no throw)
1-1: SINGLE (Groundball, 4M, EV 98.1 MPH)
Gil Caraveo to third
Batting: RHB Justin Layton 0-0: Called Strike
0-1: Reached on error, E6 (Groundball, 56, EV 88.1 MPH)
Gil Caraveo scores
Justin Baldwin to second
Batting: RHB Dinand Brouwer 0-0: Called Strike
0-1: Ball
1-1: Foul Ball, location: 2F
1-2: Ball
2-2: Fly out, F4 (Flyball, 4D, EV 84.4 MPH)
Bottom of the 1st over - 3 runs, 4 hits, 1 error, 2 left on base; Tri-City 0 - Salem-Keizer 3
TOP OF THE 2ND
Tri-City Dust Devils batting - Pitching for Salem-Keizer Volcanoes : LHP Caleb Mullinax
Batting: LHB Frank McConnell 0-0: Called Strike
0-1: Ball
1-1: SOLO HOME RUN (Flyball, 9D, EV 98.8 MPH), Distance : 372 ft
Batting: RHB Jaden Scott 0-0: Ball
1-0: Ball
2-0: Swinging Strike
2-1: Foul Ball, location: 2F
2-2: Foul Ball, location: 2F
2-2: Strikes out looking
Batting: RHB Joe Weissman 0-0: Called Strike
0-1: Ball
1-1: Hit by Pitch
Batting: LHB Paul Adams 0-0: Called Strike
Pickoff Throw to First - Out! 1-3
0-1: Ball
1-1: Ball
2-1: Called Strike
2-2: Reached on error, E6 (Groundball, 6, EV 85.6 MPH)
Batting: RHB Bryan Pitcher 0-0: Ball
1-0: Ball
2-0: SINGLE (Groundball, 6MD, EV 101.3 MPH)
Paul Adams to third
Runner from 3rd tries for Home, SAFE, throw by CF to home
Batting: RHB Ron Major 0-0: Ball
1-0: Swinging Strike
1-1: Ground out 4-3 (Groundball, 34, EV 79.4 MPH)
Top of the 2nd over - 2 runs, 2 hits, 1 error, 1 left on base; Tri-City 2 - Salem-Keizer 3
BOTTOM OF THE 2ND
Salem-Keizer Volcanoes batting - Pitching for Tri-City Dust Devils : RHP Jorge Guerrero
Batting: LHB Ryan Anderson 0-0: Called Strike
0-1: Foul Ball, location: 2F
0-2: Ball
1-2: Foul Ball, location: 2F
1-2: Strikes out swinging
Batting: RHB Bill Defazio 0-0: Ball
1-0: Ball
2-0: Called Strike
2-1: DOUBLE (Flyball, 8RXD, EV 88.1 MPH)
Batting: RHB Lucan Esini 0-0: DOUBLE (Flyball, 8RD, EV 96.9 MPH)
Bill Defazio scores
Batting: LHB Pat Aviles 0-0: Ball
1-0: Called Strike
1-1: Ball
2-1: Ground out U3 (Groundball, 34S, EV 81.9 MPH)
Lucan Esini to third
Batting: RHB Davey Beeson 0-0: Swinging Strike
0-1: Foul Ball, location: 2F
0-2: Ball
1-2: Ball
2-2: Strikes out looking
Bottom of the 2nd over - 1 run, 2 hits, 0 errors, 1 left on base; Tri-City 2 - Salem-Keizer 4
TOP OF THE 3RD
Tri-City Dust Devils batting - Pitching for Salem-Keizer Volcanoes : LHP Caleb Mullinax
Batting: RHB Ruben Luis 0-0: Ball
1-0: Ground out 6-3 (Groundball, 6, EV 76.9 MPH)
Batting: SHB Ryan Brown 0-0: Ball
1-0: Ball
2-0: Ground out 5-3 (Groundball, 56S, EV 88.1 MPH)
Batting: RHB Hector Fernandez 0-0: Foul Ball, location: 2F
0-1: Ball
1-1: Foul Ball, location: 2F
1-2: Ball
2-2: Strikes out looking
Top of the 3rd over - 0 runs, 0 hits, 0 errors, 0 left on base; Tri-City 2 - Salem-Keizer 4
BOTTOM OF THE 3RD
Salem-Keizer Volcanoes batting - Pitching for Tri-City Dust Devils : RHP Jorge Guerrero
Batting: LHB Gil Caraveo 0-0: Called Strike
0-1: Ground out 4-3 (Groundball, 4, EV 89.4 MPH)
Batting: RHB Justin Baldwin 0-0: Ball
1-0: Foul Ball, location: 2F
1-1: Fly out, F8 (Flyball, 8LD, EV 83.1 MPH)
Batting: RHB Justin Layton 0-0: Ball
1-0: Swinging Strike
1-1: Ball
2-1: Foul Ball, location: 2F
2-2: Ground out 6-3 (Groundball, 6, EV 86.9 MPH)
Bottom of the 3rd over - 0 runs, 0 hits, 0 errors, 0 left on base; Tri-City 2 - Salem-Keizer 4
TOP OF THE 4TH
Tri-City Dust Devils batting - Pitching for Salem-Keizer Volcanoes : LHP Caleb Mullinax
Batting: LHB Frank McConnell 0-0: Called Strike
0-1: Ball
1-1: SINGLE (Groundball, 3D, EV 103.1 MPH)
Batting: RHB Jaden Scott 0-0: Ball
1-0: Foul Ball, location: 2F
1-1: Called Strike
1-2: Foul Ball, location: 2F
1-2: Fielders Choice at 2nd, 2-6 (Groundball, 2R, EV 68.8 MPH)
Batting: RHB Joe Weissman 0-0: Ball
1-0: Foul Ball, location: 2F
1-1: Called Strike
Jaden Scott steals 2nd base
1-2: Ball
2-2: Ball
3-2: Foul Ball, location: 2F
3-2: Foul Ball, location: 2F
3-2: Foul Ball, location: 2F
3-2: Foul Ball, location: 2F
3-2: Foul Ball, location: 2F
3-2: Foul Ball, location: 2F
3-2: Fly out, F8 (Flyball, 8LS, EV 87.5 MPH)
Batting: LHB Paul Adams 0-0: Ground out 6-3 (Groundball, 56, EV 101.3 MPH)
Top of the 4th over - 0 runs, 1 hit, 0 errors, 1 left on base; Tri-City 2 - Salem-Keizer 4
BOTTOM OF THE 4TH
Salem-Keizer Volcanoes batting - Pitching for Tri-City Dust Devils : RHP Jorge Guerrero
Batting: RHB Dinand Brouwer 0-0: Foul Ball, location: 2F
0-1: Called Strike
0-2: Strikes out swinging
Batting: LHB Ryan Anderson 0-0: Ball
1-0: Ground out 4-3 (Groundball, 4M, EV 102.5 MPH)
Batting: RHB Bill Defazio 0-0: SINGLE (Groundball, 6MD, EV 98.8 MPH)
Batting: RHB Lucan Esini 0-0: Called Strike
Bill Defazio steals 2nd base
0-1: Ball
1-1: Foul Ball, location: 2F
1-2: Foul Ball, location: 2F
1-2: Ball
2-2: Foul Ball, location: 2F
2-2: Strikes out swinging
Bottom of the 4th over - 0 runs, 1 hit, 0 errors, 1 left on base; Tri-City 2 - Salem-Keizer 4
TOP OF THE 5TH
Tri-City Dust Devils batting - Pitching for Salem-Keizer Volcanoes : LHP Caleb Mullinax
Batting: RHB Bryan Pitcher 0-0: Ball
1-0: Called Strike
1-1: Foul Ball, location: 2F
1-2: SINGLE (Line Drive, 9S, EV 91.9 MPH)
Batting: RHB Ron Major 0-0: Called Strike
0-1: Foul Ball, location: 2F
0-2: Ball
1-2: Ball
2-2: Strikes out swinging
Batting: RHB Ruben Luis 0-0: Swinging Strike
0-1: Called Strike
0-2: Fielders Choice at 2nd, 5-4 (Groundball, 5, EV 80.6 MPH)
Batting: SHB Ryan Brown 0-0: Called Strike
0-1: Called Strike
Ruben Luis steals 2nd base
0-2: Fly out, F7 (Flyball, 7, EV 93.1 MPH)
Top of the 5th over - 0 runs, 1 hit, 0 errors, 1 left on base; Tri-City 2 - Salem-Keizer 4
BOTTOM OF THE 5TH
Salem-Keizer Volcanoes batting - Pitching for Tri-City Dust Devils : RHP Jorge Guerrero
Batting: LHB Pat Aviles 0-0: Swinging Strike
0-1: Foul Ball, location: 2F
0-2: Ball
1-2: Ground out 1-3 (Groundball, 34S, EV 68.1 MPH)
Batting: RHB Davey Beeson 0-0: Ball
1-0: Ball
2-0: Called Strike
2-1: SINGLE (Line Drive, 89M, EV 100.6 MPH)
Batting: LHB Gil Caraveo 0-0: Called Strike
0-1: Ball
1-1: Swinging Strike
1-2: Foul Ball, location: 2F
1-2: Ball
2-2: Ball
3-2: SINGLE (Groundball, 4S, EV 72.5 MPH) (infield hit)
Davey Beeson to second
Batting: RHB Justin Baldwin 0-0: Ball
1-0: Fly out, F3 (Popup, 3F, EV 70.0 MPH)
Batting: RHB Justin Layton 0-0: Foul Ball, location: 2F
0-1: Ball
1-1: Foul Ball, location: 2F
1-2: Strikes out swinging
Bottom of the 5th over - 0 runs, 2 hits, 0 errors, 2 left on base; Tri-City 2 - Salem-Keizer 4
TOP OF THE 6TH
Tri-City Dust Devils batting - Pitching for Salem-Keizer Volcanoes : LHP Caleb Mullinax
Batting: RHB Hector Fernandez 0-0: Called Strike
0-1: Ball
1-1: Ground out 6-3 (Groundball, 6, EV 81.3 MPH)
Batting: LHB Frank McConnell 0-0: Ball
1-0: Fly out, F8 (Flyball, 8RXD, EV 85.6 MPH)
Batting: RHB Jaden Scott 0-0: Called Strike
0-1: Ball
1-1: Foul Ball, location: 2F
1-2: Strikes out swinging
Top of the 6th over - 0 runs, 0 hits, 0 errors, 0 left on base; Tri-City 2 - Salem-Keizer 4
BOTTOM OF THE 6TH
Salem-Keizer Volcanoes batting - Pitching for Tri-City Dust Devils : RHP Jorge Guerrero
Batting: RHB Dinand Brouwer 0-0: Ball
1-0: Ground out 6-3 (Groundball, 6, EV 98.8 MPH)
Batting: LHB Ryan Anderson 0-0: Ball
1-0: Ball
2-0: Ball
3-0: Called Strike
3-1: Foul Ball, location: 2F
3-2: Foul Ball, location: 2F
3-2: Ground out 4-3 (Groundball, 4, EV 104.4 MPH)
Batting: RHB Bill Defazio 0-0: Called Strike
0-1: Ball
1-1: Swinging Strike
1-2: Strikes out swinging
Bottom of the 6th over - 0 runs, 0 hits, 0 errors, 0 left on base; Tri-City 2 - Salem-Keizer 4
TOP OF THE 7TH
Tri-City Dust Devils batting - Pitching for Salem-Keizer Volcanoes : LHP Caleb Mullinax
Batting: RHB Joe Weissman 0-0: Ball
1-0: Ball
2-0: Foul Ball, location: 2F
2-1: Ball
3-1: Called Strike
3-2: Foul Ball, location: 2F
3-2: Base on Balls
Pitching: RHP Lorenzo Merjil
Batting: LHB Paul Adams 0-0: Ball
1-0: Ball
2-0: Fly out, F9 (Flyball, 89XD, EV 98.1 MPH)
Batting: RHB Bryan Pitcher 0-0: Ball
1-0: Ball
2-0: Called Strike
2-1: Ball
3-1: Base on Balls
Joe Weissman to second
Batting: RHB Ron Major 0-0: Foul Ball, location: 2F
0-1: Swinging Strike
0-2: Ball
1-2: Ball
2-2: Ball
3-2: Strikes out swinging
Pinch Hitting: LHB Roger Duque 0-0: Ball
1-0: Foul Ball, location: 2F
1-1: Swinging Strike
1-2: Ball
2-2: Strikes out swinging
Top of the 7th over - 0 runs, 0 hits, 0 errors, 2 left on base; Tri-City 2 - Salem-Keizer 4
BOTTOM OF THE 7TH
Salem-Keizer Volcanoes batting - Pitching for Tri-City Dust Devils : RHP Jorge Guerrero
Now at SS: Jaden Scott
Now in LF: Roger Duque
Batting: RHB Lucan Esini 0-0: Fly out, F7 (Line Drive, 78M, EV 91.3 MPH)
Batting: LHB Pat Aviles 0-0: Ball
1-0: Ball
2-0: Foul Ball, location: 2F
2-1: Swinging Strike
2-2: Strikes out swinging
Batting: RHB Davey Beeson 0-0: Called Strike
0-1: Foul Ball, location: 2F
0-2: Foul Ball, location: 2F
0-2: Ball
1-2: SINGLE (Popup, 4MD, EV 70.6 MPH)
Pitching: RHP Josh Smith
Batting: LHB Gil Caraveo 0-0: Ground out 4-3 (Groundball, 4, EV 86.9 MPH)
Bottom of the 7th over - 0 runs, 1 hit, 0 errors, 1 left on base; Tri-City 2 - Salem-Keizer 4
TOP OF THE 8TH
Tri-City Dust Devils batting - Pitching for Salem-Keizer Volcanoes : RHP Lorenzo Merjil
Pitching: RHP Vicente Burger
Batting: SHB Ryan Brown 0-0: Ball
1-0: Ball
2-0: Called Strike
2-1: SINGLE (Groundball, 56D, EV 94.4 MPH)
Batting: RHB Hector Fernandez 0-0: Ball
1-0: Called Strike
1-1: Ball
2-1: Swinging Strike
2-2: Strikes out swinging
Batting: LHB Frank McConnell 0-0: Ball
1-0: Fly out, F9 (Flyball, 9S, EV 94.4 MPH)
Pitching: RHP Mike Richards
Batting: RHB Jaden Scott 0-0: Ball
1-0: Ball
2-0: Ball
3-0: Swinging Strike
3-1: Swinging Strike
3-2: Strikes out swinging
Top of the 8th over - 0 runs, 1 hit, 0 errors, 1 left on base; Tri-City 2 - Salem-Keizer 4
BOTTOM OF THE 8TH
Salem-Keizer Volcanoes batting - Pitching for Tri-City Dust Devils : RHP Josh Smith
Batting: RHB Justin Baldwin 0-0: Called Strike
0-1: Called Strike
0-2: Ground out 6-3 (Groundball, 6M, EV 81.9 MPH)
Batting: RHB Justin Layton 0-0: Fly out, F7 (Flyball, 7D, EV 96.9 MPH)
Batting: RHB Dinand Brouwer 0-0: Fly out, F4 (Flyball, 34D, EV 88.1 MPH)
Bottom of the 8th over - 0 runs, 0 hits, 0 errors, 0 left on base; Tri-City 2 - Salem-Keizer 4
TOP OF THE 9TH
Tri-City Dust Devils batting - Pitching for Salem-Keizer Volcanoes : RHP Mike Richards
Batting: RHB Joe Weissman 0-0: Foul Ball, location: 2F
0-1: Fly out, F2 (Popup, 25F, EV 95.0 MPH)
Batting: LHB Paul Adams 0-0: Called Strike
0-1: Ball
1-1: Ground out 4-3 (Groundball, 4, EV 100.6 MPH)
Batting: RHB Bryan Pitcher 0-0: Foul Ball, location: 2F
0-1: Ball
1-1: Called Strike
1-2: Foul Ball, location: 2F
1-2: Ball
2-2: Ball
3-2: SINGLE (Groundball, 4MD, EV 105.6 MPH)
Pitching: LHP Ian Martin
Batting: RHB Ron Major 0-0: SINGLE (Groundball, 6D, EV 104.4 MPH)
Bryan Pitcher to second
Pinch Hitting: RHB Jeremy Mercer 0-0: Called Strike
0-1: Ball
1-1: Ground out 3-1 (Groundball, 34, EV 109.4 MPH)
Top of the 9th over - 0 runs, 2 hits, 0 errors, 2 left on base; Tri-City 2 - Salem-Keizer 4
Thursday, March 31st , 2022 - OOTP Baseball 22.12 Build 89